 Dungeon Crawl Stone Soup version 0.26-a0-639-g72c4674329 (webtiles) character file.

Game seed: 14679039523034818546

19 Flugslaktarn the Shield-Bearer (level 2, -2/25 HPs)
             Began as a Formicid Fighter on Sept 21, 2020.
             Slain by Natasha (6 damage)
             ... on level 2 of the Dungeon.
             The game lasted 00:00:18 (657 turns).

Flugslaktarn the Shield-Bearer (Formicid Fighter)    Turns: 657, Time: 00:00:19

Health: -2/25      AC:  6    Str: 16    XL:     2   Next: 95%
Magic:  2/2        EV:  7    Int:  7    God:
Gold:   100        SH:  9    Dex: 10    Spells: 1/1 levels left

rFire    . . .     SeeInvis +   a - +0 war axe
rCold    . . .     Faith    .   c - +0 kite shield
rNeg     . . .     Spirit   .   b - +0 scale mail
rPois    .         Reflect  .   (helmet unavailable)
rElec    .         Harm     .   (no cloak)
rCorr    .         Rampage  .   (no gloves)
MR       .....                  (no boots)
Stlth    ..........             (no amulet)
HPRegen  0.08/turn              g - -4 ring of strength (curse)
MPRegen  0.08/turn              (no ring)

@: no status effects
A: permanent stasis, dig shafts and tunnels, four strong arms, antennae 3
a: Dig, Shaft Self


You were on level 2 of the Dungeon.
You visited 1 branch of the dungeon, and saw 2 of its levels.

You collected 100 gold pieces.

Inventory:

Hand Weapons
 a - a +0 war axe (weapon)
Armour
 b - a +0 scale mail (worn)
 c - a +0 kite shield (worn)
Jewellery
 g - a cursed -4 ring of strength (left hand)
   (You found it on level 1 of the Dungeon)
Scrolls
 e - a scroll of fear {unknown}
 f - a scroll of teleportation {unknown}
 h - a scroll of remove curse {unknown}
 i - 2 scrolls of identify {unknown}
Potions
 d - a potion of might
 j - a potion of heal wounds {unknown}


   Skills:
 * Level 3.6 Fighting
 * Level 2.4 Axes
 + Level 3.4 Armour
 + Level 3.9 Shields


You had one spell level left.
You didn't know any spells.
Your spell library was empty.

Dungeon Overview and Level Annotations

Branches:
Dungeon (2/15)

Altars:

Annotations:
D:2 Natasha


Innate Abilities, Weirdness & Mutations

You cannot be hasted, slowed, berserked, paralysed or teleported.
You can dig through walls and to a lower floor.
Your four strong arms can wield two-handed weapons with a shield.
You have a pair of large antennae on your head. (SInv)


Message History

You hit Natasha but do no damage.
Your scale mail prevents you from hitting the shadow imp.
The shadow imp barely misses you. Natasha claws you but does no damage.
You slash Natasha!
Natasha is severely wounded.
You hit the shadow imp. The shadow imp hits you.
* * * LOW HITPOINT WARNING * * *
You block Natasha's attack. The shadow imp barely misses you.
Natasha claws you.
* * * LOW HITPOINT WARNING * * *
You closely miss Natasha.
Natasha is severely wounded.
You hit the shadow imp.
The shadow imp hits you but does no damage.
You block Natasha's attack.
You miss Natasha.
Natasha is severely wounded.
You hit the shadow imp but do no damage.
You block the shadow imp's attack. Natasha claws you.
You die...

#......... #.........
#.........
##+####...$....
#............#
#............#
#......5h....#
#.......@....#
#............#
##........)...#
.#####.............#
....................#
....................#
...........#'###+####
#..........#.###.#
#######
#..........#..##.#
#.<...#


You could see Natasha and a shadow imp (summoned).

Vanquished Creatures
  A dart slug (D:1)
  A ball python (D:1)
  A bat (D:1)
  3 goblins (D:1)
  3 hobgoblins (D:1)
  A frilled lizard (D:2)
  3 kobolds
  3 rats (D:1)
16 creatures vanquished.

Notes
Turn   | Place    | Note
-------+----------+-------------------------------------------
     0 | D:1      | Flugslaktarn the Formicid Fighter began the quest for the
                  | Orb.
     0 | D:1      | Reached XP level 1. HP: 18/18 MP: 1/1
   109 | D:1      | Reached XP level 2. HP: 19/24 MP: 2/2
   644 | D:2      | Noticed Natasha
   657 | D:2      | Slain by Natasha

Illustrated notes

Levels and vault maps discovered:
D:1:      nicolae_arrival_somewhat_less_tricky_arrival, layout_basic,
          minmay_ruptured
D:2:      layout_basic, uniq_natasha

Action                   || total
-------------------------++-------
Melee: War axe           ||    56
Armor: Scale mail        ||    21
Dodge: Dodged            ||    16
Block: Kite shield       ||    29

Table legend: (Time is in decaauts)
 A = Elapsed time spent in this place.
 B = Non-inter-level travel time spent in this place.
 C = Inter-level travel time spent in this place.
 D = Time resting spent in this place.
 E = Time spent auto-exploring this place.
 F = Levels seen in this place.
 G = Mean time per level.
                   A        B        C        D        E       F      G
               +--------+--------+--------+--------+--------+-----+--------+
         Total |    680 |    635 |     45 |      0 |    506 |   2 |  340.0 |
       Dungeon |    680 |    635 |     45 |      0 |    506 |   2 |  340.0 |
               +--------+--------+--------+--------+--------+-----+--------+

Top non-repeatable levels by time:
     D:1: 471 daAuts
     D:2: 209 daAuts
